 Dungeon Crawl Stone Soup version 0.24-a0-769-g368c1644f8 (webtiles) character file.

Game seed: 3216800800560599674, levelgen mode: deterministic

21289 Johnny the Geomancer (level 12, -5/100 HPs)
             Began as a Demigod Earth Elementalist on Oct 5, 2019.
             Slain by an ice devil (19 damage)
             ... on level 11 of the Dungeon.
             The game lasted 00:19:37 (11777 turns).

Johnny the Geomancer (Demigod Earth Elementalist)  Turns: 11777, Time: 00:19:37

Health: -5/100     AC: 13    Str: 16    XL:     12   Next: 23%
Magic:  5/29       EV: 17    Int: 27    God:
Gold:   297        SH:  0    Dex: 16    Spells: 16/29 levels left

rFire    + . .     SeeInvis .   C - +8 great sword of Nopreziq {protect, rPois rF+ Str+5}
rCold    . . .     Gourm    .   (shield currently unavailable)
rNeg     + + .     Faith    .   r - +2 robe {rN+}
rPois    +         Spirit   .   s - +0 helmet
rElec    .         Reflect  .   y - scarf {cloud immunity}
rCorr    .         Harm     .   (no gloves)
MR       +....                  u - +0 pair of boots
Stlth    +++.......             (no amulet)
HPRegen  0.26/turn              l - ring of positive energy
MPRegen  0.21/turn              h - ring of stealth

@: protection aura
A: high mp 1
a: no special abilities


You were on level 11 of the Dungeon.
You were hungry.

You visited 1 branch of the dungeon, and saw 11 of its levels.
You also visited: Sewer.

You collected 604 gold pieces.
You spent 307 gold pieces at shops.

Inventory:

Hand Weapons
 C - the +8 great sword of Nopreziq (weapon) {protect, rPois rF+ Str+5}
   (You found it on level 9 of the Dungeon)

   It grants its wielder temporary protection when it strikes (+7 to AC).
   It affects your strength (+5).
   It protects you from fire.
   It protects you from poison.
 F - a +5 trident of piercing
Missiles
 b - 263 stones (quivered)
Armour
 r - a +2 robe of positive energy (worn)
 s - a +0 helmet (worn)
 u - a +0 pair of boots (worn)
 y - a scarf of cloud immunity (worn)
Jewellery
 h - a ring of stealth (right hand)
 l - a ring of positive energy (left hand)
Wands
 i - a wand of flame (3)
 z - a wand of enslavement (8)
 B - a wand of paralysis (13)
 G - a wand of iceblast (5)
Scrolls
 c - a scroll of enchant weapon
 f - 6 scrolls of enchant armour
 g - 4 scrolls of fear
 j - 6 scrolls of amnesia
 k - 3 scrolls of blinking
 n - 5 scrolls of teleportation
 o - 3 scrolls of noise
 p - 9 scrolls of remove curse
 v - a scroll of magic mapping
 w - 3 scrolls of immolation
 x - 5 scrolls of fog
 E - a scroll of silence
 H - 2 scrolls of identify
Potions
 a - 5 potions of curing
 e - 2 potions of heal wounds
 m - 3 potions of mutation
 q - 4 potions of flight
 t - 4 potions of lignification
 A - 2 potions of haste
 D - 2 potions of ambrosia
 I - a potion of magic
 J - a potion of brilliance
Comestibles
 d - 20 rations


   Skills:
 - Level 7.2 Fighting
 + Level 6.7 Dodging
 - Level 1.7 Stealth
 + Level 9.2 Spellcasting
 - Level 0.8 Transmutations
 * Level 13.6 Earth Magic


You had 16 spell levels left.
You knew the following spells:

 Your Spells              Type           Power        Failure   Level  Hunger
a - Sandblast             Erth           ######       1%          1    None
b - Stone Arrow           Conj/Erth      #####.       1%          3    None
c - Lee's Rapid Deconstr  Erth           ######....   1%          5    ####...
d - Petrify               Tmut/Erth      ######..     2%          4    #......

Your spell library contained the following spells:

 Spells                   Type           Power        Failure   Level  Hunger
 Passwall                 Tmut/Erth      ######..     1%          2    None
 Beastly Appendage        Tmut           ###...       3%          1    None
 Animate Skeleton         Necr           N/A          4%          1    None
 Apportation              Tloc           ##....       4%          1    None
 Confusing Touch          Hex            ##....       4%          1    None
 Summon Small Mammal      Summ           ##..         4%          1    None
 Sticks to Snakes         Tmut           ###.....     4%          2    None
 Spider Form              Tmut/Pois      ##........   12%         3    None
 Ice Form                 Ice/Tmut       ##......     36%         4    #......
 Blade Hands              Tmut           ###.......   65%         5    ####...


Dungeon Overview and Level Annotations

Branches:
Dungeon (11/15)            Temple (0/1) D:4            Lair (0/6) D:11
    Orc (0/2) D:9           Sewer (visited)

Shops:
D:4 *}}??   D:7 !   D:8 ?

Portals:
Ice
Cave: D:11


Innate Abilities, Weirdness & Mutations

You have an increased reservoir of magic. (+10% MP)


Message History

You slash the ice devil!
Your weapon exudes an aura of protection.
The ice devil is lightly wounded.
You slash the ice devil!
The ice devil is heavily wounded.
The ice devil hits you. The ice devil freezes you!
The ice devil barely misses you.
Unknown command.
You slash the ice devil!
The ice devil is severely wounded.
The ice devil hits you! The ice devil freezes you!!
* * * LOW HITPOINT WARNING * * *
You slash the ice devil!
The ice devil is almost dead.
The ice devil barely misses you.
You riposte.
You closely miss the ice devil.
The ice devil is almost dead.
The ice devil hits you!
* * * LOW HITPOINT WARNING * * *
The ice devil freezes you!!
You die...

**,,*+*****,,,,,,*
#.,*,,,,,*,,,,,,*
#..*,,,,,*,,,,,,***
#.#**********,,,,,,
##.## ****##*,,,,,,
#...###*,...#*******
#...+.##....# *,,,,,
#...#......∩# *,,,,,
#..@4.##....# *,,,,,
#..####*,,..# *,,,,,
#...# *****# *,,,,,
#..(###########,,,,,
####)%((......######
#................
#......[.......#*
#.............##*
####.........##*,


You could see an ice devil.

Vanquished Creatures
  Erolcha (D:10)
  A hydra (D:8)
  Erica (D:9)
  2 two-headed ogres (D:9)
  Nergalle (D:10)
  The ghost of Argons the Covert, a novice KoWz of Vehumet (D:9)
  A manticore (D:11)
  3 ugly things (D:11)
  2 cyclopes
  Joseph (D:9)
  Psyche (D:8)
  A troll (D:9)
  An ice devil (D:11)
  A hornet (D:9)
  Grinder (Sewer)
  2 dream sheep (D:8)
  2 hippogriffs
  Sigmund (D:6)
  8 yaks
  Grum (D:10)
  A steam dragon (D:8)
  A hungry ghost (D:10)
  3 wargs (D:9)
  A water moccasin (D:9)
  4 orc warriors
  An ice beast (D:5)
  A sky beast (D:6)
  An eye of draining (D:10)
  2 necrophages
  5 ogres
  3 wolves (D:10)
  7 centaurs
  8 bullfrogs
  5 big kobolds
  2 scorpions
  9 wights
  10 killer bees
  6 howler monkeys
  4 crimson imps
  3 bullfrog zombies
  2 centaur zombies
  5 orc priests
  2 centaur skeletons
  A bullfrog skeleton (D:10)
  6 hounds
  2 jellies
  4 iguanas
  6 orc wizards
  8 worker ants
  A killer bee zombie (D:7)
  3 big kobold zombies (Sewer)
  2 hound zombies
  3 gnolls (D:4)
  8 adders
  7 shadow imps
  2 ufetubi (Sewer)
  7 oozes
  An adder zombie (D:7)
  3 adder skeletons
  5 worms
  2 dart slugs
  8 leopard geckos
  36 orcs
  2 ball pythons
  13 bats
  A bat zombie (Sewer)
  6 giant cockroaches
  2 gnoll zombies (D:3)
  4 goblins
  6 hobgoblins
  19 jackals
  3 quokkas
  A giant cockroach zombie (Sewer)
  A jackal skeleton (D:8)
  21 kobolds
  A kobold zombie (Sewer)
  A leopard gecko skeleton (D:5)
  A leopard gecko zombie (D:5)
  2 quokka skeletons (D:4)
  A quokka zombie (D:7)
  3 rats
322 creatures vanquished.

Notes
Turn   | Place    | Note
-------+----------+-------------------------------------------
     0 | D:1      | Johnny the Demigod Earth Elementalist began the quest for
                  | the Orb.
     0 | D:1      | Reached XP level 1. HP: 14/14 MP: 5/5
   174 | D:1      | Reached skill level 3 in Earth Magic
   297 | D:1      | Reached XP level 2. HP: 21/22 MP: 7/7
   531 | D:1      | Found a snail-covered altar of Cheibriados.
   950 | D:2      | Reached skill level 1 in Fighting
  1327 | D:2      | Reached XP level 3. HP: 23/28 MP: 8/8
  1907 | D:2      | Found a shimmering altar of Xom.
  2325 | D:3      | Reached XP level 4. HP: 25/35 MP: 5/10
  2441 | D:3      | Found a basalt altar of Yredelemnul.
  2663 | D:4      | Noticed an ogre
  2666 | D:4      | Killed an ogre
  2666 | D:4      | Reached skill level 4 in Earth Magic
  2666 | D:4      | Reached XP level 5. HP: 41/41 MP: 8/12
  2786 | D:4      | Found Cerunip's Magic Scroll Shoppe.
  2806 | D:4      | Bought a scroll of identify for 20 gold pieces
  2806 | D:4      | Bought a scroll of teleportation for 30 gold pieces
  2806 | D:4      | Bought a scroll of fear for 35 gold pieces
  2806 | D:4      | Bought a scroll of fog for 20 gold pieces
  2815 | D:4      | Found Qontafit's Magic Scroll Shoppe.
  2857 | D:4      | Reached skill level 5 in Earth Magic
  2857 | D:4      | Reached XP level 6. HP: 24/50 MP: 11/13
  2861 | D:4      | Found a glowing drain.
  2875 | Sewer    | Entered a sewer
  3444 | Sewer    | Found an ancient bone altar of Kikubaaqudgha.
  3721 | Sewer    | Reached XP level 7. HP: 21/56 MP: 9/15
  3870 | Sewer    | Noticed Grinder
  3877 | Sewer    | Killed Grinder
  3877 | Sewer    | Reached skill level 6 in Earth Magic
  3964 | D:4      | Found Jyckec's Gadget Shoppe.
  4037 | D:4      | Found Uxegguna's Gadget Shoppe.
  4223 | D:4      | Learned a level 3 spell: Stone Arrow
  4229 | D:4      | Learned a level 5 spell: Lee's Rapid Deconstruction
  4275 | D:4      | Found a staircase to the Ecumenical Temple.
  4317 | D:4      | Found Hyucve's Assorted Antiques.
  4322 | D:4      | Bought a scroll of identify for 34 gold pieces
  4600 | D:4      | Found a sparkling altar of Nemelex Xobeh.
  4761 | D:5      | Entered Level 5 of the Dungeon
  5070 | D:5      | Reached XP level 8. HP: 43/65 MP: 4/18
  5071 | D:5      | Reached skill level 7 in Earth Magic
  5411 | D:5      | Found a blossoming altar of Fedhas.
  5622 | D:6      | Reached skill level 5 in Fighting
  5655 | D:6      | Reached skill level 5 in Spellcasting
  5662 | D:6      | Reached skill level 8 in Earth Magic
  5947 | D:6      | Noticed Sigmund
  5949 | D:6      | Found a snail-covered altar of Cheibriados.
  5951 | D:6      | Killed Sigmund
  6102 | D:6      | Reached XP level 9. HP: 71/73 MP: 12/20
  6541 | D:7      | Found Guerujom's Distillery.
  6549 | D:7      | Reached skill level 9 in Earth Magic
  6550 | D:7      | Bought a potion of ambrosia for 112 gold pieces
  7170 | D:7      | Found a bloodstained altar of Trog.
  7652 | D:8      | Found Mupsab's Magic Scroll Boutique.
  7672 | D:8      | Bought a scroll of identify for 28 gold pieces
  7672 | D:8      | Bought a scroll of identify for 28 gold pieces
  7790 | D:8      | Noticed Psyche
  7801 | D:8      | Killed Psyche
  7801 | D:8      | Reached skill level 10 in Earth Magic
  7898 | D:8      | Reached skill level 11 in Earth Magic
  7898 | D:8      | Reached XP level 10. HP: 52/84 MP: 22/25
  7998 | D:8      | Reached XP level 11. HP: 56/91 MP: 9/26
  8008 | D:8      | Noticed a three-headed hydra
  8141 | D:8      | Killed a three-headed hydra
  8594 | D:9      | Reached skill level 12 in Earth Magic
  8634 | D:9      | Noticed Erica
  8652 | D:9      | Killed Erica
  8840 | D:9      | Noticed Joseph
  8848 | D:9      | Killed Joseph
  8960 | D:9      | Learned a level 4 spell: Petrify
  9216 | D:9      | Reached skill level 5 in Dodging
  9347 | D:9      | Found a hide-covered altar of Uskayaw.
  9400 | D:9      | Found a staircase to the Orcish Mines.
  9650 | D:9      | Noticed a two-headed ogre
  9654 | D:9      | Killed a two-headed ogre
  9763 | D:9      | Found a runed translucent door.
  9763 | D:9      | Noticed Argons's ghost (novice KoWz)
 10016 | D:9      | Found an opulent altar of Gozag.
 10146 | D:9      | Killed Argons's ghost
 10233 | D:9      | Got a bloodstained great sword
 10238 | D:9      | Identified the +8 great sword of Nopreziq {protect, rPois
                  | rF+ Str+5} (You found it on level 9 of the Dungeon)
 10255 | D:10     | Entered Level 10 of the Dungeon
 10334 | D:10     | Noticed Grum
 10346 | D:10     | Killed Grum
 10561 | D:10     | Noticed Erolcha
 10568 | D:10     | Killed Erolcha
 10568 | D:10     | Reached skill level 13 in Earth Magic
 10573 | D:10     | Noticed Nergalle
 10574 | D:10     | Noticed a two-headed ogre
 10600 | D:9      | Killed a two-headed ogre
 10935 | D:10     | Killed Nergalle
 11249 | D:10     | Reached XP level 12. HP: 34/100 MP: 12/29
 11764 | D:11     | Found a frozen archway.
 11777 | D:11     | Slain by an ice devil

Levels and vault maps discovered:
D:1:      dpeg_arrival_stonehenge_8_columns, layout_loops_corners,
          cheibriados_altar_1
D:2:      minmay_kobold_bridge, layout_basic, nicolae_overflow_crystal_walls
D:3:      layout_rooms, lemuel_zombie_altar_yredelemnul
D:4:      layout_loops_cross, minmay_temple_entry_grid, serial_shops, shop,
          kennysheep_little_box, nicolae_shop_waterfront,
          nicolae_shop_competitors_out_of_business, shop,
          cheibrodos_sewer_entry_drain, chequers_serial_rivers_micro_d,
          minmay_statues_item, nemelex_dance_club_becter
D:5:      minmay_razor_zed, layout_basic, fedhas_altar_3, first_ration
D:6:      cheibrodos_barr_body, layout_cave_pools, basic_altar, uniq_sigmund
D:7:      layout_loops_ring, bloody_trog, serial_shops, shop_fountains
D:8:      layout_basic, serial_shops, shop_fountains, hangedman_ranch
          [blue_anna_fruit_fields], uniq_psyche
D:9:      layout_small_grid, eat_drink_and_be_merry_uskayaw, kennysheep_mini,
          david_orc_1_choice, ebering_ghost_inner_flame,
          minmay_sticks_and_stones, uniq_joseph, uniq_erica
D:10:     layout_basic, uniq_erolcha, uniq_grum, uniq_nergalle
D:11:     cheibrodos_breeding_chamber, layout_irregular_city, basic_altar,
          portal_ice_cave_demonic_guard, serial_shops, shop

Skill      XL: |  1  2  3  4  5  6  7  8  9 10 11 12 |
---------------+-------------------------------------+-----
Earth Magic    | 3 4 5 6 8 11 13 | 13.6
Spellcasting   | 2 3 4 5 7 8 9 |  9.2
Fighting       | 1 2 3 4 5 6 7 |  7.2
Dodging        | 4 6 |  6.7
Stealth        | |  1.7
Transmutations | |  0.8

Action                   |  1- 3 |  4- 6 |  7- 9 | 10-12 || total
-------------------------+-------+-------+-------+-------++-------
Melee: Spear             |   179 |    42 |       |       ||   221
       Dagger            |       |     3 |   178 |       ||   181
       Trident           |       |       |    37 |   110 ||   147
       Great sword       |       |       |       |    59 ||    59
Throw: Stone             |       |       |       |     2 ||     2
 Cast: Sandblast         |    32 |    87 |    88 |    63 ||   270
       Lee's Rapid Decon |       |       |    20 |    49 ||    69
       Stone Arrow       |       |       |    21 |    20 ||    41
       Petrify           |       |       |       |     8 ||     8
Evoke: Wand              |       |       |    15 |     4 ||    19
  Use: Scroll            |       |    11 |     8 |     6 ||    25
       Potion            |       |       |     2 |       ||     2
 Stab: Sleeping          |     6 |     2 |     2 |     2 ||    12
       Paralysed         |       |       |     3 |       ||     3
       Petrified         |       |       |       |     6 ||     6
       Distracted        |       |       |       |     2 ||     2
       Petrifying        |       |       |       |     1 ||     1
  Eat: Chunk             |     5 |     3 |    17 |    16 ||    41
       Ration            |       |       |     1 |     2 ||     3
Armor: Robe              |    37 |    38 |    43 |    53 ||   171
Dodge: Dodged            |   122 |    84 |   147 |   219 ||   572
       Rpst.: Great sword |       |       |       |    39 ||    39

Table legend:
 A = Non-vault XP
 B = Vault XP
 C = Vault XP percentage of total XP
 D = Non-vault monster count
 E = Vault monster count
 F = Vault count percentage of total count
                 A         B        C        D         E       F
            +---------+---------+-------+---------+---------+-------
      Total |   11881 |   12542 |  51.4 |     227 |      95 |  29.5
            +---------+---------+-------+---------+---------+-------
        D:1 |      33 |       0 |   0.0 |      18 |       0 |   0.0
        D:2 |      44 |       5 |  10.2 |      16 |       3 |  15.8
        D:3 |      60 |       3 |   4.8 |      15 |       2 |  11.8
        D:4 |     548 |      18 |   3.2 |      29 |       5 |  14.7
        D:5 |     250 |     617 |  71.2 |      17 |       8 |  32.0
        D:6 |     834 |     816 |  49.5 |      17 |      10 |  37.0
        D:7 |    1033 |       0 |   0.0 |      23 |       0 |   0.0
        D:8 |    1168 |    2609 |  69.1 |      28 |       9 |  24.3
        D:9 |    4397 |    3317 |  43.0 |      36 |      14 |  28.0
       D:10 |    2165 |    2426 |  52.8 |      22 |       6 |  21.4
       D:11 |    1349 |    1990 |  59.6 |       6 |       4 |  40.0
      Sewer |       0 |     741 | 100.0 |       0 |      34 | 100.0
            +---------+---------+-------+---------+---------+-------
